 Dungeon Crawl Stone Soup version 0.30.0-19-g36f170ea60 (webtiles) character file.

Game seed: 18257849089364678468

10164 Graphine the Cleaver (level 11, -6/101 HPs)
             Began as a Hill Orc Fighter on May 28, 2023.
             Was a Believer of Beogh.
             Mangled by a large slime creature (7 damage)
             ... on level 12 of the Dungeon.
             The game lasted 00:37:55 (10445 turns).

Graphine the Cleaver (Hill Orc Fighter)            Turns: 10445, Time: 00:37:55

Health: -6/101     AC: 33    Str: 27    XL:     11   Next: 57%
Magic:  16/16      EV:  7    Int:  9    God:    Beogh [**....]
Gold:   485        SH: 25    Dex: 14    Spells: 10/10 levels left

rFire   + . .        j - +4 flail (protect)
rCold   . . .        S - +5 kite shield "Wenic" {Str+4}
rNeg    . . .        D - +3 plate armour
rPois   +            r - +1 helmet
rElec   .            G - scarf {repulsion}
rCorr   .            n - +2 pair of gloves "Qasaff" {rPois Int+2}
SInv    +            x - +2 pair of boots
Will    .....        O - amulet of reflection Stlth
                     i - ring of protection from fire
HPRegen 0.36/turn    C - ring of see invisible
MPRegen 0.15/turn

%: repel missiles, reflection
@: under a protective aura
A: talons 1, large bone plates 1, agile 1, poison resistance, evolution 1
a: Renounce Religion, Smiting


You were on level 12 of the Dungeon.
You worshipped Beogh.
Beogh was pleased with you.
You visited 3 branches of the dungeon, and saw 14 of its levels.
You also visited: Sewer.

You collected 1338 gold pieces.
You spent 853 gold pieces at shops.

Inventory:

Hand Weapons
 f - a +3 spear of flaming
 j - a +4 flail of protection (weapon)
 L - a +2 hand axe
 P - a +1 war axe of electrocution
Missiles
 c - 3 throwing nets
 s - 3 boomerangs of dispersal (quivered)
Armour
 n - the +2 pair of gloves "Qasaff" (worn) {rPois Int+2}
   (You bought it in a shop on level 5 of the Dungeon)

   Int:       It affects your intelligence (+2).
   rPois:     It protects you from poison.
 r - a +1 helmet (worn)
 x - a +2 pair of boots (worn)
 D - a +3 plate armour (worn)
 G - a scarf of repulsion (worn)
 S - the +5 kite shield "Wenic" (worn) {Str+4}
   (You acquired it on level 11 of the Dungeon)

   Str:       It affects your strength (+4).
Jewellery
 i - a ring of protection from fire (left hand)
 C - a ring of see invisible (right hand)
 E - a ring of ice
 F - a ring of protection from cold
 O - an amulet of reflection (around neck)
 R - a ring of willpower
Wands
 q - a wand of iceblast (9)
 v - a wand of polymorph (16)
 I - a wand of paralysis (17)
 N - a wand of flame (15)
Scrolls
 a - 3 scrolls of blinking
 k - a scroll of amnesia
 l - 3 scrolls of teleportation
 m - 2 scrolls of vulnerability
 y - 3 scrolls of brand weapon
 A - a scroll of fog
 B - a scroll of enchant weapon
Potions
 b - a potion of ambrosia
 d - 3 potions of resistance
 e - a potion of flight
 g - a potion of lignification
 h - 3 potions of heal wounds
 o - 2 potions of haste
 p - 3 potions of mutation
 t - 2 potions of cancellation
 w - 5 potions of brilliance
 z - 4 potions of degeneration
 H - a potion of might
 K - a potion of berserk rage {unknown}
 M - a potion of attraction
 Q - a potion of invisibility {unknown}
Miscellaneous
 J - a box of beasts


   Skills:
 + Level 10.9 Fighting
 + Level 11.4 Axes
 + Level 10.0 Armour
 + Level 10.0 Shields
 + Level 7.2 Invocations


You had 10 spell levels left.
You didn't know any spells.
Your spell library contained the following spells:

 Spells                   Type           Power      Damage    Failure   Level
 Beastly Appendage        Tmut           0%         N/A       99%         1
 Kiss of Death            Conj/Necr      0%         2d5       99%         1
 Magic Dart               Conj           0%         1d3       99%         1
 Slow                     Hex            0%         N/A       99%         1
 Searing Ray              Conj           0%         2d4       100%        2
 Sublimation of Blood     Necr           0%         N/A       100%        2
 Wereblood                Tmut           0%         N/A       100%        2
 Confusing Touch          Hex            0%         N/A       100%        3
 Gell's Gravitas          Tloc           0%         N/A       100%        3
 Spider Form              Tmut/Pois      0%         N/A       100%        3
 Teleport Other           Tloc           0%         N/A       100%        3
 Vampiric Draining        Necr           0%         2d6       100%        3
 Animate Armour           Summ/Erth      0%         N/A       100%        4
 Dispel Undead            Necr           0%         3d6       100%        4
 Fulminant Prism          Conj/Hex       0%         3d5       100%        4
 Blade Hands              Tmut           0%         N/A       100%        5
 Dispersal                Tloc           0%         N/A       100%        6
 Iron Shot                Conj/Erth      0%         9d1       100%        6
 Summon Hydra             Summ           0%         N/A       100%        7


Dungeon Overview and Level Annotations

Branches:
Dungeon (12/15)            Temple (1/1) D:6            Lair (0/5) D:8
    Orc (1/2) D:11          Sewer (visited)

Altars:
Ashenzari
Cheibriados
Dithmenos
Elyvilon
Fedhas
Gozag
Hepliaklqana
Kikubaaqudgha
Makhleb
Nemelex Xobeh
Okawaru
Qazlal
Ru
Sif Muna
Trog
Uskayaw
Vehumet
Wu Jian
Xom
Yredelemnul
Zin
The Shining One

Shops:
D:5 ![[[   D:11 !(!


Innate Abilities, Weirdness & Mutations

You have sharp toenails.
You are partially covered in large bone plates. (SH +4)
You are agile. (Dex +4, Str/Int -1)
Your system is resistant to poisons. (rPois)
You have hidden genetic potential.


Message History

Hit: j) +4 flail (protect)
Press: ? - help, Dir - move target, f/p - large slime creature
Aim: a large slime creature (heavily wounded, about 15% to evade your +4 flail of protection)
You hit the large slime creature.
The large slime creature is severely wounded.
The purple ugly thing engulfs you but does no damage.
The slime creature hits you. You block the komodo dragon's attack.
You block the slime creature's attack.
You block the large slime creature's attack.
Hit: j) +4 flail (protect)
Press: ? - help, Dir - move target, f/p - large slime creature
Aim: a large slime creature (severely wounded, about 15% to evade your +4 flail of protection)
You hit the large slime creature.
The large slime creature is severely wounded.
You block the purple ugly thing's attack.
The slime creature hits you but does no damage.
You block the komodo dragon's attack.
The slime creature hits you but does no damage.
You block the large slime creature's attack.
Hit: j) +4 flail (protect)
Press: ? - help, Dir - move target, f/p - large slime creature
Aim: a large slime creature (severely wounded, about 15% to evade your +4 flail of protection)
You hit the large slime creature.
The large slime creature is severely wounded.
You block the purple ugly thing's attack.
The slime creature closely misses you.
The komodo dragon bites you but does no damage.
You block the slime creature's attack. The large slime creature hits you!!
* * * LOW HITPOINT WARNING * * *
Hit: j) +4 flail (protect)
Press: ? - help, Dir - move target, f/p - large slime creature
Aim: a large slime creature (severely wounded, about 15% to evade your +4 flail of protection)
You bludgeon the large slime creature!!
The large slime creature is almost dead.
You block the purple ugly thing's attack.
The slime creature hits you!
* * * LOW HITPOINT WARNING * * *
The komodo dragon barely misses you. You block the slime creature's attack.
The large slime creature hits you!
You die...

#........
###########........
...................
.......<...........
########...........
#...........
#...........
#...........
#.J@J.......
#.Jlu......
.....x.......
##............
#.........>..
#............
#..........>$
#............


You could see a purple ugly thing, a large slime creature, 2 slime creatures, a
komodo dragon and an unseen horror (invisible).

Vanquished Creatures
  A two-headed ogre (D:11)
  A boulder beetle (D:11)
  Nergalle (D:11)
  Amaemon (D:9)
  A cyclops (D:11)
  An orange demon (D:9)
  An unseen horror (D:10)
  3 trolls
  A hornet (D:7)
  Sigmund (D:3)
  A shadow (D:11)
  A vampire (D:9)
  3 wraiths
  2 wyverns
  A steam dragon (D:8)
  3 vampire mosquitoes (D:10)
  A water moccasin (D:9)
  3 orc warriors
  2 black bears
  5 centaurs
  2 phantoms (D:5)
  A gnoll sergeant (D:7)
  2 bullfrogs (Sewer)
  5 scorpions
  15 wights (D:8)
  9 killer bees (D:9)
  4 howler monkeys
  2 hounds
  2 orc priests
  2 jellies
  Crazy Yiuf (D:2)
  A sleepcap (D:7)
  2 gnoll boudas
  Jessica (D:2)
  Natasha (thrice) (D:4)
  6 iguanas
  Terence (D:2)
  15 orc wizards
  A mummy (D:7)
  Robin (D:3)
  13 gnolls
  20 adders
  3 river rats (Sewer)
  A shadow imp (D:6)
  3 white imps
  2 worms (D:4)
  A dart slug (D:4)
  33 orcs
  17 ball pythons
  2 bats (D:1)
  8 endoplasms
  4 giant cockroaches
  10 hobgoblins
  2 quokkas
  9 frilled lizards
  13 goblins
  8 kobolds
  2 kobold zombies (D:7)
  33 rats
  A spectral goblin (D:3)
295 creatures vanquished.

Vanquished Creatures (collateral kills)
  A centaur (D:7)
1 creature vanquished.

Vanquished Creatures (others)
  An orc priest (D:7)
  An orc wizard (D:7)
  A dart slug (D:4)
  An orc (D:7)
4 creatures vanquished.

Grand Total: 300 creatures vanquished

Notes
Turn   | Place    | Note
-------+----------+-------------------------------------------
     0 | D:1      | Graphine the Hill Orc Fighter began the quest for the Orb.
     0 | D:1      | Reached XP level 1. HP: 19/19 MP: 1/1
   244 | D:1      | Reached XP level 2. HP: 27/27 MP: 2/2
   276 | D:1      | Reached skill level 3 in Axes
   877 | D:2      | Reached XP level 3. HP: 31/33 MP: 3/3
  1119 | D:2      | Identified the +8 short sword of Disorder {venom, Dex+2}
  1203 | D:2      | Noticed Terence
  1213 | D:2      | Killed Terence
  1214 | D:2      | Reached XP level 4. HP: 30/40 MP: 4/4
  1262 | D:2      | Noticed Jessica
  1279 | D:2      | Killed Jessica
  1464 | D:2      | Found a runed translucent door.
  1465 | D:2      | Noticed Crazy Yiuf
  1496 | D:2      | Killed Crazy Yiuf
  1497 | D:2      | Reached skill level 4 in Axes
  1497 | D:2      | Reached XP level 5. HP: 41/47 MP: 5/5
  1594 | D:3      | Found a basalt altar of Yredelemnul.
  1700 | D:3      | Found a hazy altar of Hepliaklqana.
  1735 | D:3      | Noticed Robin
  1762 | D:3      | Killed Robin
  1966 | D:3      | Noticed Sigmund
  1973 | D:3      | Killed Sigmund
  1974 | D:3      | Reached skill level 5 in Fighting
  1974 | D:3      | Reached XP level 6. HP: 49/56 MP: 6/6
  2223 | D:4      | Reached skill level 5 in Axes
  2253 | D:4      | Found a sacrificial altar of Ru.
  2293 | D:4      | Reached skill level 5 in Armour
  2293 | D:4      | Reached skill level 5 in Shields
  2293 | D:4      | Reached XP level 7. HP: 58/61 MP: 7/7
  2407 | D:4      | Found a shimmering altar of Xom.
  2618 | D:4      | Found a glowing drain.
  2628 | Sewer    | Entered a sewer
  3027 | Sewer    | HP: 2/63 [adder (2)]
  3159 | Sewer    | Reached skill level 6 in Axes
  3181 | Sewer    | Reached XP level 8. HP: 62/71 MP: 8/8
  3358 | D:4      | Noticed Natasha
  3364 | D:4      | Killed Natasha
  3429 | D:4      | Noticed Natasha
  3435 | D:4      | Killed Natasha
  3738 | D:4      | Noticed Natasha
  3749 | D:4      | Killed Natasha
  3767 | D:5      | Entered Level 5 of the Dungeon
  3853 | D:5      | Found Beetzil's Armour Emporium.
  3862 | D:5      | Bought a +0 plate armour for 322 gold pieces
  3876 | D:5      | Identified a scroll of acquirement
  3876 | D:5      | Acquired 542 gold pieces
  3883 | D:5      | Found a glowing golden altar of the Shining One.
  3979 | D:5      | Found Gousoiso's Antique Armour Shop.
  3988 | D:5      | Bought a pair of brightly glowing gloves for 228 gold
                  | pieces
  3988 | D:5      | Identified the +2 pair of gloves "Qasaff" {rPois Int+2}
                  | (You bought it in a shop on level 5 of the Dungeon)
  4070 | D:5      | Noticed a wyvern
  4082 | D:5      | Killed a wyvern
  4083 | D:5      | Reached skill level 7 in Axes
  4161 | D:5      | Found Dioresere's Antique Armour Boutique.
  4504 | D:5      | Found Iruegg's Distillery.
  4509 | D:5      | Bought a potion of degeneration for 12 gold pieces
  4509 | D:5      | Bought a potion of mutation for 96 gold pieces
  4509 | D:5      | Gained mutation: You have a pair of small horns on your
                  | head. [potion of mutation]
  4509 | D:5      | Gained mutation: You have hidden genetic potential. [potion
                  | of mutation]
  4509 | D:5      | Gained mutation: Your mind is acute. (Int +4, Str/Dex -1)
                  | [potion of mutation]
  4652 | D:6      | Reached XP level 9. HP: 45/79 MP: 9/9
  4848 | D:6      | Reached skill level 8 in Axes
  5186 | D:6      | Found a staircase to the Ecumenical Temple.
  5192 | Temple   | Entered the Ecumenical Temple
  5360 | D:6      | Found an iron altar of Okawaru.
  5492 | D:7      | Noticed a hornet
  5504 | D:7      | Paralysed by a hornet for 1 turns
  5511 | D:7      | Killed a hornet
  5522 | D:7      | Gained mutation: You have great hidden genetic potential.
                  | [hidden potential]
  5732 | D:7      | Found a sand-covered staircase.
  5999 | D:7      | Found a burning altar of Makhleb.
  6007 | D:7      | Became a worshipper of Beogh the Brigand
  6075 | D:7      | Found a shadowy altar of Dithmenos.
  6502 | D:8      | Reached skill level 9 in Axes
  6502 | D:8      | Reached skill level 1 in Invocations
  6738 | D:8      | Identified the +1 cloak of Gozag's Pride {rF+}
  6757 | D:8      | Reached XP level 10. HP: 60/88 MP: 11/11
  6942 | D:8      | Found a staircase to the Lair.
  7307 | D:9      | Noticed Amaemon
  7310 | D:9      | Noticed an orange demon
  7519 | D:9      | Gained mutation: You have sharp toenails. [hidden
                  | potential]
  7519 | D:9      | Lost mutation: You have great hidden genetic potential.
                  | [hidden potential expressed]
  7622 | D:9      | Reached skill level 10 in Axes
  7939 | D:9      | Reached * piety under Beogh
  8035 | D:9      | Killed Amaemon
  8036 | D:9      | Reached skill level 5 in Invocations
  8047 | D:9      | Killed an orange demon
  8325 | D:9      | Found a blossoming altar of Fedhas.
  8328 | D:9      | Found an ancient bone altar of Kikubaaqudgha.
  8480 | D:9      | Found a stormy altar of Qazlal.
  8563 | D:10     | Entered Level 10 of the Dungeon
  8585 | D:10     | Reached skill level 10 in Fighting
  8620 | D:10     | Noticed an unseen horror
  8852 | D:10     | Reached XP level 11. HP: 83/99 MP: 15/15
  8887 | D:10     | Found a hide-covered altar of Uskayaw.
  8887 | D:10     | Noticed a +0 dagger
  8888 | D:10     | Noticed a +0 dagger
  8960 | D:10     | Found a radiant altar of Vehumet.
  9016 | D:10     | Found a white marble altar of Elyvilon.
  9261 | D:11     | Found Vemis's Antique Weapon Shoppe.
  9278 | D:11     | Gained mutation: Your system is resistant to poisons.
                  | (rPois) [hidden potential]
  9309 | D:11     | Bought a runed war axe for 195 gold pieces
  9442 | D:11     | You fall into a shaft and drop 1 floor!
  9465 | D:11     | Reached skill level 11 in Axes
  9516 | D:11     | Noticed a cyclops
  9527 | D:11     | Killed a cyclops
  9527 | D:11     | Reached ** piety under Beogh
  9554 | D:11     | Found Soz Di Gene's Distillery.
  9597 | D:11     | Lost mutation: You have hidden genetic potential. [potion
                  | of mutation]
  9597 | D:11     | Lost mutation: Your mind is acute. (Int +4, Str/Dex -1)
                  | [potion of mutation]
  9597 | D:11     | Lost mutation: You have a pair of small horns on your head.
                  | [potion of mutation]
  9597 | D:11     | Gained mutation: Armour fits poorly on your strangely
                  | shaped body. [potion of mutation]
  9597 | D:11     | Gained mutation: You have hidden genetic defects. [potion
                  | of mutation]
  9598 | D:11     | Lost mutation: You have hidden genetic defects. [potion of
                  | mutation]
  9598 | D:11     | Lost mutation: Armour fits poorly on your strangely shaped
                  | body. [potion of mutation]
  9598 | D:11     | Gained mutation: You are partially covered in large bone
                  | plates. (SH +4) [potion of mutation]
  9598 | D:11     | Gained mutation: You have hidden genetic potential. [potion
                  | of mutation]
  9598 | D:11     | Gained mutation: You are agile. (Dex +4, Str/Int -1)
                  | [potion of mutation]
  9608 | D:11     | Noticed Nergalle
  9634 | D:11     | Killed Nergalle
  9639 | D:11     | Identified the +5 leather armour of Nah Cama {rF++ Will-
                  | MP+9}
  9856 | D:11     | Noticed a boulder beetle
  9913 | D:11     | Killed a boulder beetle
  9963 | D:11     | Acquired the +5 kite shield "Wenic" {Str+4}
 10068 | D:11     | Found a staircase to the Orcish Mines.
 10104 | D:11     | Noticed a two-headed ogre
 10112 | D:11     | Killed a two-headed ogre
 10165 | D:11     | Found Olisofan's Distillery.
 10346 | Orc:1    | Entered Level 1 of the Orcish Mines
 10359 | Orc:1    | Reached skill level 10 in Shields
 10368 | Orc:1    | Reached skill level 10 in Armour
 10418 | D:12     | Noticed a purple ugly thing
 10445 | D:12     | HP: 1/101 [slime creature (14)]
 10445 | D:12     | Mangled by a large slime creature

Illustrated notes

Levels and vault maps discovered:
D:1:      kennysheep_arrival_forest, layout_basic
D:2:      layout_basic, kennysheep_generic_room_6, uniq_jessica,
          uniq_crazy_yiuf_cottage, uniq_terence
D:3:      layout_loops_cross, mainiacjoe_overflow_chevrons,
          nicolae_hepliaklqana_monster_ancestors, uniq_robin, uniq_sigmund
D:4:      layout_cave_pools, nicolae_ru_great_annihilating_truth,
          xom_confusion_cloud, cheibrodos_sewer_entry_bend, uniq_natasha
D:5:      nicolae_cairo_tiling_very_big, layout_loops_ring,
          amcnicky_altar_gilded, serial_shops, kennysheep_little_box,
          shop_fountains, shop, shop
D:6:      layout_rooms, kennysheep_okawaru_gauntlet, minmay_temple_entry_fiery
D:7:      layout_cave_pools, nicolae_dithmenos_the_darkroom,
          general_overflow_altar, nicolae_ossuary_entry_giza,
          nrook_mini_backslash
D:8:      layout_cave_pools, lair_entry_dummy, kennysheep_potato
D:9:      layout_rooms, grunt_temple_overflow_growth_and_decay,
          grunt_qazlal_sundering, uniq_amaemon
D:10:     layout_big_octagon, dancing_weapons_uskayaw,
          nicolae_elyvilon_peaceful_grove, nicolae_overflow_crystal_walls
D:11:     layout_roguey, orc_0_dummy, serial_shops, shop, shop_statue,
          nicolae_stop_n_shop_1, uniq_nergalle
D:12:     layout_long_grid, disabler_island
Temple:   nicolae_temple_superstar
Orc:1:    layout_caves, mines4_lemuel

Skill      XL: |  1  2  3  4  5  6  7  8  9 10 11 |
---------------+----------------------------------+-----
Axes           | 3 4 5 6 7 9 10 11 | 11.4
Fighting       | 4 5 6 7 8 10 | 10.9
Armour         | 4 5 6 8 9 10 | 10.0
Shields        | 4 5 6 8 9 10 | 10.0
Invocations    | 2 5 7 |  7.2

Action                     |  1- 3 |  4- 6 |  7- 9 | 10-12 || total
---------------------------+-------+-------+-------+-------++-------
  Melee: Spear             |    75 |       |       |       ||    75
         War axe           |     3 |       |       |       ||     3
         Flail             |       |   101 |   538 |   439 ||  1078
         Headbutt          |       |       |    54 |    53 ||   107
 Invoke: Convert to Beogh  |       |       |     1 |       ||     1
  Evoke: Wand              |       |       |       |     1 ||     1
    Use: Scroll            |     5 |     2 |    13 |     9 ||    29
         Potion            |       |       |    10 |    12 ||    22
   Stab: Paralysed         |       |     1 |       |       ||     1
 Armour: Scale mail        |    18 |     1 |       |       ||    19
         Chain mail        |       |    54 |   291 |       ||   345
         Plate armour      |       |       |   396 |   539 ||   935
  Dodge: Dodged            |    11 |    45 |   300 |   208 ||   564
         Repelled          |       |       |       |     1 ||     1
  Block: Buckler           |     7 |    33 |   245 |       ||   285
         Kite shield       |       |       |    60 |   606 ||   666
         Reflection        |       |       |       |     7 ||     7
